 Dungeon Crawl Stone Soup version 0.30.0-30-g96aa6591b8 (webtiles) character file.

Game seed: 10417068005517746024

1640 000zero000 the Cleaver (level 8, -1/79 HPs)
             Began as a Hill Orc Fighter on June 27, 2023.
             Was an Initiate of Gozag.
             Slain by an orc
             ... wielding a +0 halberd
              (4 damage)
             ... in a bailey.
             The game lasted 00:14:07 (6883 turns).

000zero000 the Cleaver (Hill Orc Fighter)           Turns: 6883, Time: 00:14:08

Health: -1/79      AC: 19    Str: 21    XL:     8   Next: 99%
Magic:  8/8        EV:  5    Int:  8    God:    Gozag
Gold:   442        SH:  4    Dex: 10    Spells: 7/7 levels left

rFire   . . .        a - +0 war axe
rCold   . . .        c - +0 buckler
rNeg    . . .        i - +0 plate armour
rPois   +            h - +0 helmet
rElec   .            z - +2 cloak
rCorr   .            H - +1 pair of gloves
SInv    .            r - +0 pair of boots
Will    .....        t - amulet of magic regeneration Stlth
                     D - ring of poison resistance
HPRegen 0.33/turn    (no ring)
MPRegen 0.51/turn

%: no passive effects
@: mighty, hasted, very quick
A: no striking features
a: Renounce Religion, Potion Petition, Call Merchant, Bribe Branch


You were in a bailey.
You worshipped Gozag.
Gozag was aware of your devotion.
You visited 2 branches of the dungeon, and saw 8 of its levels.
You also visited: Bailey.

You collected 558 gold pieces.
You paid 116 gold pieces to Gozag.

Inventory:

Hand Weapons
 a - a +0 war axe (weapon)
Missiles
 e - 3 silver boomerangs
 f - 22 poisoned darts (quivered)
Armour
 c - a +0 buckler (worn)
 h - a +0 helmet (worn)
 i - a +0 plate armour (worn)
 r - a +0 pair of boots (worn)
 z - a +2 cloak (worn)
 H - a +1 pair of gloves (worn)
Jewellery
 t - an amulet of magic regeneration (around neck)
 D - a ring of poison resistance (left hand)
Wands
 s - a wand of flame (20)
 A - a wand of digging (7)
Scrolls
 b - 2 scrolls of amnesia
 l - 3 scrolls of poison {unknown}
 m - 4 scrolls of teleportation
 n - a scroll of fog {unknown}
 q - a scroll of immolation {unknown}
 u - 2 scrolls of blinking {unknown}
 v - a scroll of enchant weapon {unknown}
 x - a scroll of noise {unknown}
 G - a scroll of torment {unknown}
Potions
 d - a potion of might
 k - 2 potions of attraction
 o - a potion of brilliance {unknown}
 w - a potion of flight {unknown}
 B - a potion of invisibility {unknown}
 C - a potion of curing {unknown}
 E - a potion of ambrosia {unknown}
 F - a potion of lignification {unknown}


   Skills:
 + Level 9.6 Fighting
 - Level 11.0 Axes
 - Level 3.2 Armour
 - Level 3.2 Shields


You had 7 spell levels left.
You didn't know any spells.
Your spell library contained the following spells:

 Spells                   Type           Power      Damage    Failure   Level
 Freeze                   Ice            0%         1d3       100%        1
 Slow                     Hex            0%         N/A       100%        1
 Sublimation of Blood     Necr           0%         N/A       100%        2
 Wereblood                Tmut           0%         N/A       100%        2
 Confusing Touch          Hex            0%         N/A       100%        3
 Frozen Ramparts          Ice            0%         1d1       100%        3
 Hailstorm                Conj/Ice       0%         3d3       100%        3
 Stone Arrow              Conj/Erth      0%         3d7       100%        3
 Vampiric Draining        Necr           0%         2d6       100%        3
 Animate Armour           Summ/Erth      0%         N/A       100%        4
 Conjure Ball Lightning   Conj/Air       0%         3x3d6     100%        6
 Summon Hydra             Summ           0%         N/A       100%        7
 Discord                  Hex            0%         N/A       100%        8
 Disjunction              Tloc           0%         N/A       100%        8
 Lehudib's Crystal Spear  Conj/Erth      0%         10d2      100%        8


Dungeon Overview and Level Annotations

Branches:
Dungeon (7/15)             Temple (1/1) D:6          Bailey (1/1)

Altars:
Cheibriados
Dithmenos
Elyvilon
Gozag
Makhleb
Ru
Trog
Vehumet
Wu Jian

Annotations:
D:5 3 runed translucent doors, Buachu's ghost, amateur MiFi


Message History

The orc warrior goes into a battle-frenzy!
You block the orc warrior's attack.
You hit the orc knight.
The orc knight is moderately wounded.
The orc knight grunts loudly.
You block the orc knight's attack.
The orc warrior hits you but does no damage.
You miss the orc knight.
The orc knight is moderately wounded.
The orc knight hits you with a +0 halberd!
You block the orc warrior's attack.
You closely miss the orc knight.
The orc knight is moderately wounded.
The orc knight hits you with a +0 halberd!
* * * LOW HITPOINT WARNING * * *
You block the orc warrior's attack.
You closely miss the orc knight.
The orc knight is moderately wounded.
The orc knight hits you with a +0 halberd!
* * * LOW HITPOINT WARNING * * *
The orc warrior hits you from afar with a +0 trident.
* * * LOW HITPOINT WARNING * * *
Unknown command.
Okay, then.
Okay, then.
You feel yourself speed up.
The orc knight hits you but does no damage.
The orc warrior barely misses you.
As you read the scroll of teleportation, it crumbles to dust.
You feel strangely unstable.
The orc knight hits you from afar with a +0 halberd.
* * * LOW HITPOINT WARNING * * *
The orc warrior barely misses you.
Your surroundings suddenly seem different.
An orc comes into view. It is wielding a +0 halberd.
The orc shouts!
An orc is nearby!
The orc hits you with a +0 halberd.
You die...
Your body crumbles into a pile of gold.

.#..# .#..# #..# # $
#..# #. $ #..#
#..########..#
..8....8..o##
...(....@.### ♣♣♣#$
####''####..#.##
≈..####....(...####..#
≈≈.........$.........#
≈≈≈.......)....♣....♣#
≈≈≈≈≈...#..(.#...♣♣♣♣
≈≈≈≈≈≈≈≈#....#≈≈≈≈≈♣
♣≈≈≈≈≈≈≈#..)$#≈≈≈≈≈≈≈
♣.≈≈≈≈≈≈#....#≈≈≈≈≈≈≈


You could see an orc.

Vanquished Creatures
  A water moccasin (D:6)
  3 orc warriors (Bailey)
  A sky beast (D:6)
  Blork the orc (D:5)
  A kobold brigand (D:7)
  A bullfrog (D:6)
  5 scorpions
  A howler monkey (D:6)
  3 jellies
  3 hounds (D:5)
  6 iguanas
  2 orc wizards
  9 adders
  An ufetubus (D:5)
  2 worms
  A dart slug (D:4)
  23 orcs
  16 ball pythons
  2 endoplasms
  4 giant cockroaches
  12 hobgoblins
  4 jackals (D:2)
  4 quokkas
  7 bats
  6 frilled lizards (D:1)
  5 goblins
  24 kobolds
  5 rats
153 creatures vanquished.

Notes
Turn   | Place    | Note
-------+----------+-------------------------------------------
     0 | D:1      | 000zero000 the Hill Orc Fighter began the quest for the
                  | Orb.
     0 | D:1      | Reached XP level 1. HP: 19/19 MP: 1/1
    14 | D:1      | Reached skill level 3 in Axes
   155 | D:1      | Reached XP level 2. HP: 26/26 MP: 2/2
   589 | D:1      | Reached skill level 4 in Axes
   647 | D:1      | Found a faded altar of an unknown god.
   775 | D:1      | Reached XP level 3. HP: 31/31 MP: 3/3
  1029 | D:2      | Reached skill level 5 in Axes
  1370 | D:2      | Reached XP level 4. HP: 24/39 MP: 4/4
  1725 | D:2      | Reached skill level 6 in Axes
  1828 | D:2      | Reached XP level 5. HP: 45/45 MP: 5/5
  2058 | D:3      | Found a shadowy altar of Dithmenos.
  2258 | D:3      | Reached skill level 7 in Axes
  2835 | D:4      | Found a radiant altar of Vehumet.
  3043 | D:4      | Reached skill level 8 in Axes
  3043 | D:4      | Reached XP level 6. HP: 51/51 MP: 6/6
  3352 | D:4      | Found a white marble altar of Elyvilon.
  3386 | D:4      | Found a sacrificial altar of Ru.
  3516 | D:4      | Reached skill level 9 in Axes
  3613 | D:5      | Entered Level 5 of the Dungeon
  3816 | D:5      | Reached XP level 7. HP: 57/57 MP: 7/7
  3859 | D:5      | Found a bloodstained altar of Trog.
  4058 | D:4      | Reached skill level 10 in Axes
  4656 | D:5      | Noticed Blork the orc
  4669 | D:5      | Killed Blork the orc
  4670 | D:5      | Reached skill level 11 in Axes
  5013 | D:5      | Found a runed translucent gate.
  5013 | D:5      | Found a runed translucent gate.
  5013 | D:5      | Found a runed translucent gate.
  5014 | D:5      | Noticed Buachu's ghost (amateur MiFi)
  5424 | D:6      | Found a staircase to the Ecumenical Temple.
  5450 | Temple   | Entered the Ecumenical Temple
  5483 | Temple   | Became a worshipper of Gozag Ym Sagoz the Greedy
  5523 | D:6      | Reached skill level 5 in Fighting
  5523 | D:6      | Reached XP level 8. HP: 26/70 MP: 8/8
  5943 | D:6      | Found a snail-covered altar of Cheibriados.
  6322 | D:7      | Found a flagged portal.
  6353 | Bailey   | Entered a bailey
  6850 | Bailey   | Noticed an orc knight
  6878 | Bailey   | HP: 2/79 [orc knight/+0 halberd (3)]
  6883 | Bailey   | Slain by an orc

Illustrated notes

Levels and vault maps discovered:
D:1:      mrwooster_arrival_arrow, layout_loops_ring,
          dreamdust_ecumenical_altar_grove, wad_woods_river_04, minmay_tripent
D:2:      layout_rooms, minmay_snake_closets
D:3:      layout_basic, nicolae_dithmenos_shadow_blocks,
          minmay_misc_feat_secret_circle, solitary_fountain
D:4:      layout_loops_cross, nicolae_ru_great_annihilating_truth,
          kennysheep_mini_moat, vehumet_crystals, kennysheep_nondescript
D:5:      layout_loops_ring, ebering_ghost_rock_garden, minmay_ruined_shrine,
          uniq_blork_the_orc
D:6:      layout_rooms, cheibriados_altar_1, minmay_temple_entry_wispy
D:7:      kennysheep_kobold_camp, layout_rooms, enter_bailey_2
Temple:   hellmonk_temple_forest_ring
Bailey:   bailey_polearm_elven_captive_hellmonk, bailey

Skill      XL: |  1  2  3  4  5  6  7  8 |
---------------+-------------------------+-----
Axes           | 3 4 5 6 8 9 11 | 11.0
Fighting       | 5 9 |  9.6
Armour         | |  3.2
Shields        | |  3.2

Action                     |  1- 3 |  4- 6 |  7- 9 || total
---------------------------+-------+-------+-------++-------
  Melee: War axe           |    98 |   199 |   227 ||   524
  Throw: Dart              |       |       |    10 ||    10
    Use: Scroll            |       |       |     5 ||     5
         Potion            |       |       |     4 ||     4
 Armour: Scale mail        |    63 |    62 |       ||   125
         Chain mail        |       |    45 |    79 ||   124
         Plate armour      |       |       |    28 ||    28
  Dodge: Dodged            |    57 |    83 |    69 ||   209
  Block: Buckler           |    27 |    42 |    49 ||   118
